 Dungeon Crawl Stone Soup version 0.17.0-56-gd8de76c (webtiles) character file.

55 dohliylev the Caller (level 3, -2/19 HPs)
             Began as a Deep Elf Summoner on Dec 4, 2015.
             Slain by a worker ant (6 damage)
             ... on level 4 of the Dungeon on Dec 5, 2015.
             The game lasted 00:19:36 (2459 turns).

dohliylev the Caller (Deep Elf Summoner)            Turns: 2459, Time: 00:19:36

Health: -2/19      AC:  2    Str:  5    XL:     3   Next: 67%
Magic:  3/10       EV: 13    Int: 20    God:
Gold:   49         SH:  0    Dex: 15    Spells: 2 memorised, 6 levels left

rFire  + . .     SeeInvis .     v - +3 spear
rCold  . . .     Clarity  +     a - +0 robe
rNeg   . . .     SustAt   .     (no shield)
rPois  .         Gourm    .     (no helmet)
rElec  .         Spirit   .     (no cloak)
rCorr  .         Warding  .     (no gloves)
rMut   .         Rnd*Tele +     (no boots)
MR     .....                    C - amulet of clarity
Stlth  ++........               D - ring of teleportation (curse)
                                f - ring of protection from fire

@: not resistant to hostile enchantments, unstealthy
A: no striking features
a: Evoke Teleportation


You were on level 4 of the Dungeon.
You were hungry.

You visited 1 branch of the dungeon, and saw 4 of its levels.

You collected 49 gold pieces.

Inventory:

Hand Weapons
 v - a +3 spear (weapon)
 A - a +0 blowgun
Missiles
 w - 2 throwing nets (quivered)
 B - 16 poisoned needles
Armour
 a - a +0 robe (worn)
Jewellery
 f - a ring of protection from fire (left hand)
 m - a +2 ring of protection
 C - an amulet of clarity (around neck)
 D - a cursed ring of teleportation (right hand)
Wands
 t - a wand of confusion (39)
Scrolls
 d - a scroll of immolation {unknown}
 e - 2 scrolls of teleportation
 i - a scroll of magic mapping
 j - 5 scrolls of identify {unknown}
 k - a scroll of random uselessness {unknown}
 n - a scroll of noise {unknown}
 p - a scroll of amnesia {unknown}
 s - 2 scrolls of blinking {unknown}
 y - a scroll of enchant weapon {unknown}
Potions
 g - a potion of heal wounds
 h - a potion of lignification {unknown}
 q - 3 potions of brilliance {unknown}
 r - 2 potions of might {unknown}
 x - a potion of cure mutation {unknown}
Books
 b - a book of Callings

   Spells                             Type                      Level
   a - Summon Small Mammal            Summoning                    1
   b - Call Imp                       Summoning                    2
   c - Call Canine Familiar           Summoning                    3
   d - Summon Guardian Golem          Hexes/Summoning              3
   e - Summon Lightning Spire         Summoning/Air                4
   f - Summon Ice Beast               Ice/Summoning                4
Comestibles
 c - 6 bread rations
 l - a meat ration
 o - 2 royal jellies


   Skills:
 + Level 2.5 Dodging
 + Level 2.5 Stealth
 + Level 4.1 Spellcasting
 + Level 5.3 Summonings


You had 6 spell levels left.
You knew the following spells:

 Your Spells              Type           Power        Failure   Level  Hunger
a - Summon Small Mammal   Summ           ####         1%          1    None
b - Call Canine Familiar  Summ           ####....     6%          3    ###....


Dungeon Overview and Level Annotations

Branches:
Dungeon (4/15)
 Temple: D:4-7

Altars:
Dithmenos
Ru

Annotations:
D:3 gorblad's ghost, amateur DsCK


Message History

Your quokka barely misses the worker ant. x2
The worker ant twitches its antennae in your direction.
The worker ant bites your quokka!
Your quokka dies!
Your quokka's corpse disappears in a puff of smoke!
Your quokka closely misses the worker ant. x2
Casting: Summon Small Mammal
Confirm with . or Enter, or press ? or * to list all spells.
The worker ant barely misses you.
You are feeling hungry.
Your quokka barely misses the worker ant.
The worker ant bites you.
* * * LOW HITPOINT WARNING * * *
You see here a worm corpse.
A worm comes into view.
Your quokka bites the worker ant but does no damage.
Your quokka disappears in a puff of smoke!
The worker ant bites you but does no damage.
The worker ant bites you.
You die...

..# #. #.# #..
..#### ### ###.#
#.(.. ... ...#
#... #.###<###.#
#.#.#......##
........@a..#
...#...###.#
#..###.####.#
...........#.###
.......w>...r..#
....#.####.#.#.#
... #. #.#†#.#
!. #. #.#.#.# .
#
####.#.#.######


You could see a worker ant.

Vanquished Creatures (collateral kills)
  3 adders
  6 worms
  2 orcs (D:3)
  2 giant cockroaches
  11 hobgoblins
  4 jackals (D:1)
  6 kobolds
  A quokka (D:2)
  2 ball pythons
  3 bats
  A giant newt (D:3)
  5 goblins
  4 rats
50 creatures vanquished.

Notes
Turn   | Place    | Note
--------------------------------------------------------------
     0 | D:1      | dohliylev the Deep Elf Summoner began the quest for the Orb.
     0 | D:1      | Reached XP level 1. HP: 10/10 MP: 6/6
     2 | D:1      | Noticed a ghoul
     4 | D:1      | Noticed a spriggan
     4 | D:1      | Noticed a tengu
     6 | D:1      | Noticed a dwarf
     8 | D:1      | Noticed a formicid
     8 | D:1      | Noticed a troll
    10 | D:1      | Noticed an elf
    10 | D:1      | Noticed a demonspawn
    12 | D:1      | Noticed an ogre
    12 | D:1      | Noticed a human
    14 | D:1      | Noticed a minotaur
    14 | D:1      | Noticed a vine stalker
    16 | D:1      | Noticed a demigod
    18 | D:1      | Noticed a merfolk
    18 | D:1      | Noticed a gargoyle
    20 | D:1      | Noticed a felid
    20 | D:1      | Noticed an octopode
    22 | D:1      | Noticed a draconian
    22 | D:1      | Noticed a centaur
    24 | D:1      | Noticed a naga
    26 | D:1      | Noticed a vampire
   614 | D:1      | Reached XP level 2. HP: 15/15 MP: 2/8
  1214 | D:2      | Reached skill level 5 in Summonings
  1214 | D:2      | Reached XP level 3. HP: 19/19 MP: 3/10
  1219 | D:2      | Learned a level 3 spell: Call Canine Familiar
  1252 | D:2      | Found a sacrificial altar of Ru.
  1386 | D:2      | Found a shadowy altar of Dithmenos.
  1504 | D:3      | Noticed gorblad's ghost (amateur DsCK)
  2459 | D:4      | Slain by a worker ant

Action                   || total
-------------------------++-------
Melee: Spear             ||     1
 Cast: Summon Small Mamm ||   125
       Call Canine Famil ||    14
  Use: Scroll            ||     2
       Potion            ||     2
  Eat: Chunk             ||     5
